 Dungeon Crawl Stone Soup version 0.29-a0-266-gf56f883ddd (webtiles) character file.

Game seed: 17016162160887032042

6270 Angani the Fighter (level 10, -10/88 HPs)
             Began as a Green Draconian Hunter on Mar 7, 2022.
             Was a High Priest of Makhleb.
             Mangled by a balrug
             ... wielding a +0 vampiric demon whip
             ... summoned by the player character
              (18 damage)
             ... on level 9 of the Dungeon.
             The game lasted 00:15:54 (6103 turns).

Angani the Fighter (Green Draconian Hunter)         Turns: 6103, Time: 00:15:55

Health: -10/88     AC:  9    Str: 15    XL:     10   Next: 63%
Magic:  15/15      EV: 17    Int: 12    God:    Makhleb [*****.]
Gold:   3          SH:  0    Dex: 21    Spells: 9/9 levels left

rFire   . . .      SeeInvis .   e - +5 arbalest (elec)
rCold   + . .      Faith    .   (shield currently unavailable)
rNeg    + . .      Spirit   .   (body armour unavailable)
rPois   +          Reflect  .   (helmet restricted)
rElec   .          Harm     .   E - scarf {shadows}
rCorr   .          Rampage  .   g - +1 Delatra's gloves {ID++}
Will    .....                   (no boots)
Stlth   ++++......              l - amulet of regeneration
HPRegen 1.04/turn               h - ring of positive energy
MPRegen 0.14/turn               w - +6 ring of dexterity

@: about to teleport, studying Throwing
A: breathe noxious fumes, AC +7, unfitting armour, poison resistance,
cold-blooded, cold resistance 1, sense surroundings 1
a: Breathe Noxious Fumes, Renounce Religion, Minor Destruction, Lesser Servant
of Makhleb, Major Destruction, Greater Servant of Makhleb


You were on level 9 of the Dungeon.
You worshipped Makhleb.
Makhleb was extremely pleased with you.
You visited 1 branch of the dungeon, and saw 9 of its levels.
You also visited: Ossuary.

You collected 410 gold pieces.
You spent 407 gold pieces at shops.

Inventory:

Hand Weapons
 e - a +5 arbalest of electrocution (weapon)
Armour
 g - the +1 Delatra's gloves (worn) {ID++}
   (You found it on level 2 of the Dungeon)

   It heals its wearer when they drink unknown potions.
   It restores its wearer's MP when they read unknown scrolls.
 E - a scarf of shadows (worn)
Jewellery
 a - a ring of fire
 h - a ring of positive energy (left hand)
 l - an amulet of regeneration (around neck)
 p - a ring of protection from cold
 w - a +6 ring of dexterity (right hand)
 D - a ring of protection from cold
Wands
 f - a wand of acid (8)
 m - a wand of mindburst (14)
 n - a wand of charming (12)
 C - a wand of flame (16)
Scrolls
 b - 4 scrolls of immolation
 c - 7 scrolls of teleportation
 o - 2 scrolls of fog
 s - 3 scrolls of amnesia
 u - 3 scrolls of fear
 v - 4 scrolls of enchant armour
 x - a scroll of magic mapping
 y - 4 scrolls of identify
Potions
 d - 2 potions of mutation
 i - a potion of haste
 j - 2 potions of brilliance
 k - 3 potions of curing {unknown}
 q - a potion of lignification {unknown}
 r - 2 potions of heal wounds {unknown}
 t - 3 potions of magic {unknown}
 z - a potion of ambrosia {unknown}


   Skills:
 - Level 8.0 Fighting
 + Level 7.8 Crossbows
 - Level 6.9 Dodging
 - Level 7.1 Stealth
 - Level 7.8 Invocations


You had 9 spell levels left.
You didn't know any spells.
Your spell library contained the following spells:

 Spells                   Type           Power      Damage    Failure   Level
 Magic Dart               Conj           0%         1d3       32%         1
 Ensorcelled Hibernation  Hex/Ice        0%         N/A       45%         2
 Passwall                 Tmut/Erth      0%         N/A       45%         2
 Scorch                   Fire           0%         2d5       45%         2
 Searing Ray              Conj           0%         2d4       45%         2
 Conjure Flame            Conj/Fire      0%         6-21      69%         3
 Ignite Poison            Fire/Tmut/Pois 0%         N/A       69%         3
 Swiftness                Air            0%         N/A       69%         3
 Cause Fear               Hex            0%         N/A       97%         4
 Flame Wave               Conj/Fire      0%         2d4       97%         4
 Fulminant Prism          Conj/Hex       0%         3d6       97%         4
 Sticky Flame             Conj/Fire      0%         2d3       97%         4
 Summon Cactus Giant      Summ           0%         N/A       100%        6
 Dragon Form              Tmut           0%         N/A       100%        7
 Dragon's Call            Summ           0%         N/A       100%        9


Dungeon Overview and Level Annotations

Branches:
Dungeon (9/15)             Temple (0/1) D:5            Lair (0/6) D:9
Ossuary (visited)
    Orc: D:9-12

Altars:
Hepliaklqana
Kikubaaqudgha
Makhleb

Shops:
D:2 ?   D:5 (*(*[   D:9 =*

Annotations:
D:9 sanka's ghost, novice GnCA


Innate Abilities, Weirdness & Mutations

You can breathe blasts of noxious fumes.
Your lurid green scales are hard. (AC +7)
You cannot fit into any form of body armour.
Your system is resistant to poisons. (rPois)
You are cold-blooded and may be slowed by cold attacks.
Your flesh is cold resistant. (rC+)
You passively map a small area around you.


Message History

The bolt hits the killer bee but does no damage.
The killer bee is lightly wounded.
Shoot: e) +5 arbalest (elec)
Press: ? - help, Q - select action, (/) - cycle Shift-Dir - straight line, f/p - killer bee
Aim: a killer bee (lightly wounded, berserk, confused, 74% to hit)
You shoot a bolt. The bolt hits the killer bee!!
You kill the killer bee!
Makhleb accepts your kill.
You feel better.
Unknown command.
You start resting.
You have got your breath back.
You start resting.
Your extra speed is starting to run out.
You start resting.
You feel yourself slow down.
You start resting.
HP restored.
There is a transporter here.
Unknown command.
You enter the transporter and appear at another place.
A demon appears!
It doesn't seem very happy.
The redback completely misses you.
A demon appears!
It doesn't seem very happy.
The moth of wrath's fur bristles in rage as it notices you.
The redback bites you!
The balrug hits you with a +0 vampiric demon whip!!
You are engulfed in flames!
* * * LOW HITPOINT WARNING * * *
The water moccasin hisses angrily.
Sanka's ghost turns its malevolent gaze towards you.
You hear an angry hiss.
As you read the scroll of teleportation, it crumbles to dust.
You feel strangely unstable. The redback bites you!
* * * LOW HITPOINT WARNING * * *
The moth of wrath closely misses you.
The balrug hits you with a +0 vampiric demon whip!!
You die...

###.........####...#
#####†..........#
###.>
##...............#
###
##..###©####.......
#..##W###..#####.#,*
#.##......#.W.©#, *
#.#l...#W..#...##, *
##.#..##.s#y.....#,
#..#s..#.S@2.##y.#..*
#.##.#.....#2....#..*
#.# ...###[..##.##..#
#.##..#..$()....# .#
#..###. #####.y
##...####.©.####...
###...............
#######........#
##########


You could see a balrug (summoned), a blizzard demon (summoned), a moth of wrath,
a water moccasin, a redback and sanka's ghost.

Vanquished Creatures
  The ghost of p0werm0de the Covert, a novice OpBr of Ru (D:5)
  A hornet (D:9)
  A wyvern (D:9)
  2 wraiths (D:9)
  A shadow (D:9)
  Sigmund (D:2)
  7 yaks
  Eustachio (D:5)
  A steam dragon (D:4)
  An acid dragon (D:8)
  4 water moccasins
  An ice beast (D:7)
  2 orc warriors
  A sky beast (D:5)
  A black bear (D:4)
  A centaur (D:7)
  A phantom (D:5)
  4 kobold brigands
  A bullfrog (D:4)
  A necrophage (D:7)
  3 scorpions
  3 wights (D:8)
  13 killer bees
  6 howler monkeys
  2 centaur zombies
  2 human zombies (Ossuary)
  3 orc priests
  A gnoll shaman (D:4)
  5 hounds
  A jelly (D:4)
  5 iguanas
  5 orc wizards
  A spectral killer bee (D:6)
  A centaur simulacrum (D:6)
  7 mummies
  3 gnolls (D:6)
  9 adders
  2 ufetubi (D:5)
  4 dart slugs
  A worm (D:3)
  25 orcs
  11 ball pythons
  6 bats
  3 endoplasms
  2 giant cockroaches
  A gnoll zombie (Ossuary)
  5 hobgoblins
  5 jackals
  33 kobolds
  3 quokkas
  4 frilled lizards
  9 goblins
  A goblin zombie (D:5)
  3 hobgoblin zombies
  A kobold zombie (Ossuary)
  An orc zombie (Ossuary)
  5 rats
229 creatures vanquished.

Notes
Turn   | Place    | Note
-------+----------+-------------------------------------------
     0 | D:1      | Angani the Draconian Hunter began the quest for the Orb.
     0 | D:1      | Reached XP level 1. HP: 17/17 MP: 1/1
    55 | D:1      | Reached skill level 1 in Stealth
   259 | D:1      | Reached XP level 2. HP: 25/25 MP: 2/2
   275 | D:1      | Identified a scroll of acquirement
   275 | D:1      | Acquired a +2 arbalest of flaming
   452 | D:1      | Found a faded altar of an unknown god.
   536 | D:1      | Prayed at the altar of an unknown god.
   536 | D:1      | Became a worshipper of Makhleb the Destroyer
   536 | D:1      | Reached * piety under Makhleb
   678 | D:2      | Reached XP level 3. HP: 26/30 MP: 3/3
   802 | D:2      | Found Saqeror's Magic Scroll Boutique.
   811 | D:2      | Bought a scroll of identify for 26 gold pieces
   811 | D:2      | Bought a scroll of identify for 26 gold pieces
   811 | D:2      | Bought a scroll of teleportation for 39 gold pieces
   830 | D:2      | Gained mutation: Your flesh is cold resistant. (rC+)
                  | [potion of mutation]
   830 | D:2      | Gained mutation: You passively map a small area around you.
                  | [potion of mutation]
   833 | D:2      | Found the +1 Delatra's gloves {ID++}
   868 | D:2      | Noticed Sigmund
   871 | D:2      | Killed Sigmund
   872 | D:2      | Reached skill level 3 in Fighting
   872 | D:2      | Reached XP level 4. HP: 38/38 MP: 3/5
   872 | D:2      | Reached XP level 5. HP: 45/45 MP: 3/6
  1584 | D:3      | Reached ** piety under Makhleb
  1669 | D:3      | Found a hazy altar of Hepliaklqana.
  1829 | D:3      | Acquired a ring of positive energy
  2360 | D:4      | Found an ancient bone altar of Kikubaaqudgha.
  2437 | D:4      | Reached XP level 6. HP: 52/52 MP: 7/7
  2546 | D:4      | Noticed an orc warrior
  2557 | D:4      | Killed an orc warrior
  2562 | D:4      | Reached skill level 4 in Fighting
  2579 | D:4      | Noticed a steam dragon
  2584 | D:4      | Killed a steam dragon
  2585 | D:4      | Your scales start taking on a lurid green colour.
  2585 | D:4      | Reached XP level 7. HP: 60/60 MP: 9/9
  2585 | D:4      | Gained mutation: Your system is resistant to poisons.
                  | (rPois) [Green Draconian growth]
  2616 | D:4      | Reached skill level 5 in Crossbows
  2847 | D:5      | Entered Level 5 of the Dungeon
  2847 | D:5      | Found Qufid's Weapon Emporium.
  2899 | D:5      | Found a sand-covered staircase.
  2904 | Ossuary  | Entered an ossuary
  3031 | Ossuary  | Reached skill level 5 in Fighting
  3031 | Ossuary  | Reached XP level 8. HP: 65/68 MP: 11/11
  3158 | D:4      | Reached *** piety under Makhleb
  3220 | D:5      | Found Orpham's Assorted Antiques.
  3233 | D:5      | Bought a scroll labelled YCKOAKH XAJIET for 28 gold pieces
  3233 | D:5      | Bought a scroll of identify for 56 gold pieces
  3233 | D:5      | Bought a scroll of identify for 56 gold pieces
  3250 | D:5      | Found Senatu's Antique Armour Emporium.
  3313 | D:5      | Found a staircase to the Ecumenical Temple.
  3399 | D:5      | Found Ibeifitt's Assorted Antiques.
  3408 | D:5      | Found Cumparez's Weapon Boutique.
  3438 | D:5      | Noticed Eustachio
  3454 | D:5      | Killed Eustachio
  3593 | D:5      | Reached skill level 5 in Invocations
  3743 | D:5      | Reached skill level 5 in Dodging
  3743 | D:5      | Reached skill level 5 in Stealth
  3798 | D:6      | Found a runed translucent gate.
  3798 | D:6      | Found a runed translucent gate.
  3798 | D:6      | Found a runed translucent gate.
  3815 | D:6      | Noticed p0werm0de's ghost (novice OpBr)
  3852 | D:6      | Reached skill level 6 in Fighting
  3865 | D:6      | Reached XP level 9. HP: 75/75 MP: 13/13
  4243 | D:5      | Killed p0werm0de's ghost
  4480 | D:7      | Reached skill level 7 in Fighting
  4485 | D:7      | Reached **** piety under Makhleb
  4942 | D:8      | Reached XP level 10. HP: 66/86 MP: 15/15
  4992 | D:8      | Reached ***** piety under Makhleb
  5423 | D:9      | Found Arukhiy's Jewellery Shop.
  5427 | D:9      | Found a staircase to the Lair.
  5474 | D:9      | Reached skill level 8 in Fighting
  5683 | D:9      | Found Meyduw's General Store.
  5809 | D:5      | Bought a glowing scarf for 176 gold pieces
  5888 | D:9      | Found a transporter.
  5913 | D:9      | Found a transporter.
  5917 | D:9      | Noticed sanka's ghost (novice GnCA)
  5931 | D:9      | Noticed a moth of wrath
  5977 | D:9      | HP: 3/88 [killer bee (5)]
  6101 | D:9      | Noticed a balrug
  6102 | D:9      | Noticed a blizzard demon
  6103 | D:9      | Mangled by a balrug

Illustrated notes

Levels and vault maps discovered:
D:1:      zaba_arrival_water, layout_rooms, ebering_ecumenical_altar_webs,
          minmay_shallow_snake_nest
D:2:      layout_rooms, serial_shops, shop, minmay_tree_intersection,
          st_stairs_2, kennysheep_nub, chequers_serial_rivers_marsh,
          minmay_misc_feat_ornament, eino_curves_03, uniq_sigmund
D:3:      layout_basic, nzn_hepliaklqana_mist_gate, minmay_misc_feat_chi,
          wander_ebering_terrifying_dragon_lair
D:4:      layout_rooms, mainiacjoe_overflow_small_starburst,
          minmay_manual_mandibuliform
D:5:      layout_basic, minmay_temple_entry_glassed_door, serial_shops,
          nicolae_shop_behind_doors, shop, shop,
          nicolae_shop_bloodbath_and_beyond, nicolae_lakefront_shop,
          nicolae_ossuary_entry_giza, nicolae_figureground_pulse, uniq_eustachio
D:6:      layout_gridville, gammafunk_ghost_necromancy
D:7:      layout_rooms
D:8:      layout_rooms, nicolae_underground_beach
D:9:      layout_rooms, gammafunk_temple_overflow_pools, lair_entry_dummy,
          serial_shops, shop, shop, gammafunk_ghost_berserking_beasts,
          chequers_decorated_corner

Skill      XL: |  1  2  3  4  5  6  7  8  9 10 |
---------------+-------------------------------+-----
Stealth        | 1 2 3 4 5 6 7 |  7.1
Dodging        | 2 3 4 5 6 |  6.9
Fighting       | 3 4 5 6 7 8 |  8.0
Crossbows      | 4 5 6 7 |  7.8
Invocations    | 2 3 4 5 6 7 |  7.8

Action                   |  1- 3 |  4- 6 |  7- 9 | 10-12 || total
-------------------------+-------+-------+-------+-------++-------
Melee: Arbalest          |       |       |     3 |       ||     3
 Fire: Hand crossbow     |    19 |       |       |       ||    19
       Arbalest          |    46 |    75 |   296 |   112 ||   529
Invok: Greater Servant o |       |       |       |     2 ||     2
 Abil: Breathe Noxious F |       |       |    15 |     5 ||    20
  Use: Scroll            |     4 |     5 |     7 |     6 ||    22
       Potion            |     1 |       |       |     1 ||     2
Armor: Skin              |     7 |     7 |   104 |    19 ||   137
Dodge: Dodged            |    13 |     5 |   213 |   129 ||   360

Table legend: (Time is in decaauts)
 A = Elapsed time spent in this place.
 B = Non-inter-level travel time spent in this place.
 C = Inter-level travel time spent in this place.
 D = Time resting spent in this place.
 E = Time spent auto-exploring this place.
 F = Levels seen in this place.
 G = Mean time per level.
                   A        B        C        D        E       F      G
               +--------+--------+--------+--------+--------+-----+--------+
         Total |   6379 |   5920 |    459 |    315 |   3991 |  10 |  637.9 |
       Dungeon |   6172 |   5713 |    459 |    309 |   3972 |   9 |  685.8 |
       Ossuary |    206 |    206 |      0 |      6 |     19 |   1 |  206.0 |
               +--------+--------+--------+--------+--------+-----+--------+

Top non-repeatable levels by time:
     D:3: 1006 daAuts
     D:5: 780 daAuts
     D:2: 707 daAuts
     D:6: 656 daAuts
     D:4: 646 daAuts
     D:1: 637 daAuts
     D:9: 613 daAuts
     D:8: 589 daAuts
     D:7: 535 daAuts
 Ossuary: 206 daAuts
